AoeStats
← Fathandzzz

Fortress

509286542Analyzed
2v2 RM · 5d ago on Sep 26, 2026· 54m 2s· 4 players
Game mode
Random Map
Map size
Normal (6 player)
Population
200
Speed
Normal
Resources
Standard
Victory
Conquest
Starting age
Dark Age
Ending age
Imperial Age
RankedLock teamsTeams togetherTeam positionsShared explorationLock speedFull tech treeHidden civsTurbo modeCheats
Victory
Defeat
🇨🇳 Franks · China
1183
+15
🇺🇸 Mongols · United States
1108
+19
🇺🇸 Franks · United States
1164
-17
🇺🇸 Teutons · United States
1164
-17
fingerless7597
7:41 Feudal Age
11:34 Castle Age
9:45 Horse Collar
9:57 Double-Bit Axe
11:43 Wheelbarrow
12:51 Bow Saw
13:17 Heavy Plow
16:15 Town Watch
16:45 Loom
18:22 Hand Cart
20:09 Gold Mining
21:09 Fletching
22:33 Bodkin Arrow
25:32 Thumb Ring
25:46 Bloodlines
25:36 Husbandry
26:20 Gold Shaft Mining
25:35 Stone Mining
29:38 Imperial Age
27:49 Padded Archer Armor
28:13 Ballistics
28:54 Nomads
29:55 Leather Archer Armor
30:24 Bracer
31:51 Chemistry
31:30 Conscription
31:50 Drill
32:00 Parthian Tactics
32:00 Town Patrol
32:39 Stone Shaft Mining
32:15 Murder Holes
33:20 Forging
33:15 Scale Barding Armor
32:57 Elite Mangudai
34:14 Light Cavalry
35:31 Iron Casting
35:16 Chain Barding Armor
36:03 Hussar
38:26 Blast Furnace
49:38 Caravan
YUZ
8:00 Feudal Age
11:51 Double-Bit Axe
14:32 Castle Age
12:47 Gold Mining
14:16 Stone Mining
16:29 Bow Saw
21:04 Wheelbarrow
26:44 Imperial Age
25:04 Scale Barding Armor
25:10 Forging
28:19 Cavalier
31:11 Chain Barding Armor
31:27 Iron Casting
33:23 Hand Cart
33:44 Gold Shaft Mining
35:00 Conscription
37:16 Plate Barding Armor
37:42 Blast Furnace
38:28 Husbandry
38:35 Paladin
40:30 Chivalry
Fathandzzz
9:25 Feudal Age
11:00 Wheelbarrow
10:31 Loom
11:08 Double-Bit Axe
13:49 Castle Age
11:37 Horse Collar
15:11 Bow Saw
15:02 Heavy Plow
18:32 Scale Barding Armor
19:08 Forging
19:58 Hand Cart
20:36 Gold Mining
20:37 Stone Mining
21:15 Bloodlines
24:18 Chain Barding Armor
26:44 Iron Casting
26:00 Fletching
30:31 Imperial Age
28:49 Bodkin Arrow
30:34 Cavalier
32:16 Blast Furnace
31:51 Plate Barding Armor
32:02 Paladin
33:27 Conscription
47:32 Town Watch
48:09 Squires
49:47 Pikeman
Killacammmmm461
8:35 Feudal Age
9:04 Double-Bit Axe
11:01 Loom
13:54 Castle Age
12:23 Man-at-Arms
14:51 Scale Mail Armor
15:30 Gambesons
16:04 Long Swordsman
20:34 Chain Mail Armor
24:44 Elite Skirmisher
27:23 Fletching
31:01 Padded Archer Armor
31:33 Bodkin Arrow
34:09 Forging
39:14 Imperial Age
37:39 Scale Barding Armor
38:44 Iron Casting
38:30 Husbandry
39:14 Cavalier
Connection lost

Rejoining the realm…

Still unreachable

The connection could not be restored.

Session expired

The server has moved on; the page needs a fresh start.